 Dungeon Sprint DCSS version 0.26-a0-835-g8259106e14 (webtiles) character file.

Game seed: 12468017123575484915

205 rocky1 the Chiller (level 5, -1/35 HPs)
             Began as a Gargoyle Ice Elementalist on Nov 18, 2020.
             Was an Elder of Sif Muna.
             Killed from afar by an orc sorcerer (36 damage)
             ... with a bolt of fire
             ... in the Dungeon (Sprint VII: "The Pits").
             The game lasted 00:03:29 (725 turns).

rocky1 the Chiller (Gargoyle Ice Elementalist)       Turns: 725, Time: 00:03:29

Health: -1/35      AC:  6    Str: 11    XL:     5   Next: 83%
Magic:  7/10       EV: 13    Int: 17    God:    Sif Muna [****..]
Gold:   0          SH:  0    Dex: 10    Spells: 4/11 levels left

rFire    . . .     SeeInvis .   n - +2 mace (protect)
rCold    . . .     Faith    .   (no shield)
rNeg     + . .     Spirit   .   a - +0 robe
rPois    ∞         Reflect  .   (no helmet)
rElec    +         Harm     .   (no cloak)
rCorr    .         Rampage  .   (no gloves)
MR       .....     NoTele   +   (no boots)
Stlth    ++........             (no amulet)
HPRegen  0.11/turn              (no ring)
MPRegen  0.12/turn              (no ring)

@: frozen ramparts
A: negative energy resistance 1, electricity resistance, unbreathing,
petrification resistance, rot immunity, AC +4
a: Channel Magic, Forget Spell, Divine Exegesis, Renounce Religion


You were in the Dungeon.
You worshipped Sif Muna.
Sif Muna was greatly pleased with you.
You visited 1 branch

Inventory:

Hand Weapons
 l - a +2 mace
 m - a +1 quarterstaff of protection
 n - a +2 mace of protection (weapon)
Armour
 a - a +0 robe (worn)
Scrolls
 h - a scroll of blinking
 i - 3 scrolls of remove curse
 j - 5 scrolls of amnesia
 k - a scroll of summoning
Potions
 b - 2 potions of invisibility
 c - 6 potions of curing
 d - 6 potions of heal wounds
 e - a potion of haste
 f - 4 potions of magic
 g - 3 potions of berserk rage


   Skills:
 + Level 5.0 Fighting
 + Level 4.5 Maces & Flails
 + Level 4.2 Dodging
 - Level 2.1 Stealth
 + Level 3.9 Spellcasting
 + Level 6.5 Ice Magic
 + Level 5.0 Invocations


You had 4 spell levels left.
You knew the following spells:

 Your Spells              Type           Power        Failure   Level
a - Freeze                Ice            ####         1%          1
b - Frozen Ramparts       Ice            ####..       3%          3
c - Ozocubu's Armour      Ice            ####....     3%          3

Your spell library contained the following spells:

 Spells                   Type           Power        Failure   Level
 Hailstorm                Conj/Ice       ##......     38%         4
 Summon Ice Beast         Ice/Summ       ##......     38%         4


Dungeon Overview and Level Annotations

Branches:
Dungeon (1/1)

Altars:
Ashenzari
Cheibriados
Dithmenos
Elyvilon
Fedhas
Gozag
Hepliaklqana
Kikubaaqudgha
Makhleb
Nemelex Xobeh
Okawaru
Qazlal
Ru
Sif Muna
Trog
Uskayaw
Vehumet
Wu Jian
Xom
Yredelemnul
Zin
The Shining One
Beogh
Jiyva
Lugonu


Innate Abilities, Weirdness & Mutations

You are resistant to torment.
Your stone body is resilient. (AC +4)
You are immune to poison.
You resist negative energy. (rN+)
You are resistant to electric shocks. (rElec)
You can survive without breathing.
You are immune to petrification.
You are immune to rotting.


Message History

You open the door.
A hobgoblin comes into view. It is wielding a +0 club.
The hobgoblin shouts!
You hit the hobgoblin.
Your weapon exudes an aura of protection.
You kill the hobgoblin!
Sif Muna accepts your kill.
There is an open door here.
You see here a +0 club.
You open the door.
An orc sorcerer comes into view.
It is wielding a +0 dagger and wearing a +0 robe of positive energy.
Casting: Frozen Ramparts (dangerous; 3% risk of failure)
Confirm with . or Enter, or press ? or * to list all spells.
The walls around you are covered in ice.
The wall freezes the orc sorcerer.
The orc sorcerer shouts!
The orc sorcerer points at you and mumbles some strange words.
The bolt of fire hits you!!!
Ouch! That really hurt!
You die...

#)#........##.......#
#†###########.......#
#(†.....# #########
#..###..# #.......#
##.###.##+#
#.......#o+
#..###..#'#
#.......)@#
###########


You could see an orc sorcerer.

Vanquished Creatures
  A centaur (D)
  A quasit (D)
  An orc priest (D)
  An orc wizard (D)
  2 river rats (D)
  A leopard gecko (D)
  3 orcs (D)
  2 giant cockroaches (D)
  A hobgoblin (D)
  3 jackals (D)
  A kobold (D)
  2 bats (D)
  A leopard gecko skeleton (D)
20 creatures vanquished.

Notes
Turn   | Place    | Note
-------+----------+-------------------------------------------
     0 | D        | rocky1 the Gargoyle Ice Elementalist began the quest for
                  | the Orb.
     0 | D        | Reached XP level 1. HP: 10/10 MP: 3/3
    18 | D        | Found a bloodstained altar of Trog.
    18 | D        | Found a shimmering blue altar of Sif Muna.
    18 | D        | Found a viscous altar of Jiyva.
    18 | D        | Found a hazy altar of Hepliaklqana.
    18 | D        | Found an opulent altar of Gozag.
    43 | D        | Found a glowing golden altar of the Shining One.
    43 | D        | Found a glowing silver altar of Zin.
    43 | D        | Found a basalt altar of Yredelemnul.
    43 | D        | Found a shimmering altar of Xom.
    43 | D        | Found an ornate altar of the Wu Jian Council.
    43 | D        | Found a sacrificial altar of Ru.
    43 | D        | Found a stormy altar of Qazlal.
    43 | D        | Found an iron altar of Okawaru.
    43 | D        | Found a sparkling altar of Nemelex Xobeh.
    43 | D        | Found a burning altar of Makhleb.
    43 | D        | Found a blossoming altar of Fedhas.
    43 | D        | Found a white marble altar of Elyvilon.
    43 | D        | Found a shadowy altar of Dithmenos.
    43 | D        | Found a snail-covered altar of Cheibriados.
    46 | D        | Found a corrupted altar of Lugonu.
    46 | D        | Found a radiant altar of Vehumet.
    46 | D        | Found a roughly hewn altar of Beogh.
    47 | D        | Found an ancient bone altar of Kikubaaqudgha.
    47 | D        | Found a hide-covered altar of Uskayaw.
    47 | D        | Found a broken altar of Ashenzari.
    48 | D        | Became a worshipper of Sif Muna the Loreminder
   212 | D        | Reached * piety under Sif Muna
   213 | D        | Reached skill level 1 in Fighting
   213 | D        | Reached skill level 1 in Maces & Flails
   213 | D        | Reached skill level 1 in Invocations
   213 | D        | Reached XP level 2. HP: 16/16 MP: 5/5
   230 | D        | Reached ** piety under Sif Muna
   275 | D        | Reached skill level 5 in Ice Magic
   275 | D        | Reached XP level 3. HP: 8/22 MP: 0/6
   510 | D        | Learned a level 3 spell: Frozen Ramparts
   537 | D        | Reached *** piety under Sif Muna
   562 | D        | Noticed a centaur
   571 | D        | Killed a centaur
   572 | D        | Reached skill level 6 in Ice Magic
   572 | D        | Reached XP level 4. HP: 22/29 MP: 3/8
   572 | D        | Reached XP level 5. HP: 25/33 MP: 3/9
   644 | D        | Learned a level 3 spell: Ozocubu's Armour
   652 | D        | Reached **** piety under Sif Muna
   657 | D        | Reached skill level 5 in Fighting
   657 | D        | Reached skill level 5 in Invocations
   724 | D        | Noticed an orc sorcerer
   725 | D        | Killed from afar by an orc sorcerer

Illustrated notes

Levels and vault maps discovered:
D:        pitsprint [storerooms_1, entrance_room_1, metal_vault_3, armoury_1,
          mini_pit_1, grid_room_1, main_hall_1, silver_pit, the_coven_1,
          the_vestibule_1, steel_vault_5, golden_pit, hallway_of_sentries,
          crystal_vault_2, iron_vault_3, final_vault]

Skill      XL: |  1  2  3  4  5 |
---------------+----------------+-----
Fighting       | 1 2 4 5 |  5.0
Maces & Flails | 1 2 3 4 |  4.5
Invocations    | 1 2 4 5 |  5.0
Dodging        | 2 3 4 |  4.2
Ice Magic      | 5 6 |  6.5
Spellcasting   | 3 |  3.9
Stealth        | |  2.1

Action                   |  1- 3 |  4- 6 || total
-------------------------+-------+-------++-------
Melee: Mace              |    21 |     5 ||    26
 Cast: Freeze            |    12 |       ||    12
       Frozen Ramparts   |     2 |     2 ||     4
Armor: Robe              |    19 |     1 ||    20
Dodge: Dodged            |    35 |     1 ||    36

Table legend: (Time is in decaauts)
 A = Elapsed time spent in this place.
 B = Non-inter-level travel time spent in this place.
 C = Inter-level travel time spent in this place.
 D = Time resting spent in this place.
 E = Time spent auto-exploring this place.
 F = Levels seen in this place.
 G = Mean time per level.
                   A        B        C        D        E       F      G
               +--------+--------+--------+--------+--------+-----+--------+
         Total |    731 |    731 |      0 |    473 |      0 |   1 |  731.0 |
       Dungeon |    731 |    731 |      0 |    473 |      0 |   1 |  731.0 |
               +--------+--------+--------+--------+--------+-----+--------+

Top non-repeatable levels by time:
       D: 731 daAuts
